 Dungeon Crawl Stone Soup version 0.29-a0-96-g93358da72b (webtiles) character file.

Game seed: 10158542384789745646

925 Grim the Basher (level 7, -2/53 (57) HPs)
             Began as a Minotaur Fighter on Feb 12, 2022.
             Was a Believer of Zin.
             Slain by a wight (15 damage)
             ... on level 6 of the Dungeon.
             The game lasted 00:06:35 (5263 turns).

Grim the Basher (Minotaur Fighter)                  Turns: 5263, Time: 00:06:35

HP:   -2/53 (57)    AC:  6    Str: 20    XL:     7   Next: 84%
MP:   8/8           EV:  9    Int:  7    God:    Zin [**....]
Gold: 267           SH:  4    Dex: 10    Spells: 6/6 levels left

rFire   . . .      SeeInvis .   q - +3 mace
rCold   . . .      Faith    .   c - +0 buckler
rNeg    . . .      Spirit   .   b - +0 scale mail
rPois   .          Reflect  .   (helmet restricted)
rElec   .          Harm     .   (no cloak)
rCorr   .          Rampage  .   (no gloves)
Will    .....                   (no boots)
Stlth   ..........              (no amulet)
HPRegen 0.17/turn               (no ring)
MPRegen 0.11/turn               (no ring)

@: on recite cooldown, drained
A: horns 2, retaliatory headbutt
a: Renounce Religion, Recite, Vitalisation, Donate Gold


You were on level 6 of the Dungeon.
You worshipped Zin.
Zin was pleased with you.
You visited 2 branches of the dungeon, and saw 7 of its levels.

You collected 296 gold pieces.
You donated 29 gold pieces to Zin.

Inventory:

Hand Weapons
 a - a +0 flail
 q - a +3 mace (weapon)
Missiles
 o - 5 curare-tipped darts (quivered)
 y - 2 poisoned darts
 B - 3 javelins
Armour
 b - a +0 scale mail (worn)
 c - a +0 buckler (worn)
Jewellery
 A - a ring of magical power
 D - an amulet of reflection
Wands
 r - a wand of polymorph (12)
 s - a wand of digging (5)
 u - a wand of iceblast (10)
Scrolls
 e - a scroll of holy word {unknown}
 f - 4 scrolls of identify {unknown}
 g - 4 scrolls of teleportation {unknown}
 h - 2 scrolls of fear {unknown}
 i - 2 scrolls of summoning {unknown}
 l - 4 scrolls of blinking {unknown}
 v - a scroll of noise {unknown}
 x - a scroll of acquirement {unknown}
 z - a scroll of fog {unknown}
 C - a scroll of enchant armour {unknown}
Potions
 d - 2 potions of might
 j - a potion of attraction {unknown}
 k - a potion of haste {unknown}
 m - a potion of heal wounds {unknown}
 n - 2 potions of lignification {unknown}
 p - 2 potions of curing {unknown}
 t - 3 potions of brilliance {unknown}
 w - a potion of cancellation {unknown}
 E - a potion of berserk rage {unknown}


   Skills:
 - Level 3.6 Fighting
 * Level 10.3 Maces & Flails
 - Level 3.6 Armour
 - Level 3.6 Shields
 + Level 3.0 Invocations


You had 6 spell levels left.
You didn't know any spells.
Your spell library contained the following spells:

 Spells                   Type           Power      Damage    Failure   Level
 Animate Skeleton         Necr           0%         N/A       86%         1
 Pain                     Necr           0%         1d4       86%         1
 Slow                     Hex            0%         N/A       86%         1
 Confusing Touch          Hex            0%         N/A       99%         3
 Vampiric Draining        Necr           0%         2d6       99%         3


Dungeon Overview and Level Annotations

Branches:
Dungeon (6/15)             Temple (1/1) D:5

Altars:
Elyvilon
Kikubaaqudgha
Makhleb
Nemelex Xobeh
Okawaru
Ru
Trog
Uskayaw
Vehumet
Xom
Yredelemnul
Zin
The Shining One

Shops:
D:1 [   D:5 (


Innate Abilities, Weirdness & Mutations

You have a pair of horns on your head.
You reflexively headbutt those who attack you in melee.


Message History

Zin accepts your kill. "...those who turn to blasphemy will be smitten.
This was fair..."
The wight hits you with a +0 hand axe.
You closely miss the wight.
You headbutt the wight, but do no damage. "...and just, and not a voice dissented."
The wight is blasted by the fury of Zin!
The wight is almost destroyed.
You finish reciting Anathema 7:48.
You block the wight's attack.
You closely miss the wight.
The wight is almost destroyed.
The wight hits you with a +0 hand axe.
You closely miss the wight.
The wight is almost destroyed.
You barely miss the wight.
The wight is almost destroyed.
You block the wight's attack.
You closely miss the wight. You headbutt the wight.
The wight is almost destroyed.
The wight hits you with a +0 hand axe.
You feel drained.
A wight opens the door.
You hit the wight.
You destroy the wight!
Zin accepts your kill.
Your life force feels restored.
Your Invocations skill increases to level 3!
You closely miss the wight.
The wight hits you with a +4 great sword!
* * * LOW HITPOINT WARNING * * *
You feel drained.
You sock the wight!
You headbutt the wight, but do no damage.
The wight is heavily damaged.
The wight hits you with a +4 dire flail!
* * * LOW HITPOINT WARNING * * *
You feel drained.
* * * LOW HITPOINT WARNING * * *
The wight hits you with a +4 great sword!
You die...

#........#...#
#........#...#.....#
#........#...#.....#
#........'...#.....#
#........#...#.....#
#........#...#.....#
#####...######.....#
....#...###....z#'##+###
....#.....#.....@z......
....#.....#.....#)......
....#.....#.....#.......
....#.....#.....#.......
....###'###.....#..####.
...............#####
...............+
...............#
...............#


You could see 2 wights.

Vanquished Creatures
  Eustachio (D:4)
  An ogre (D:5)
  A phantom (D:5)
  A scorpion (D:5)
  A water moccasin skeleton (D:5)
  2 wights (D:6)
  2 hounds
  A bullfrog zombie (D:5)
  An orc priest (D:3)
  4 orc wizards
  3 iguanas
  2 hound skeletons
  5 adders
  An adder skeleton (D:4)
  2 worms
  8 orcs
  6 ball pythons
  5 endoplasms
  3 giant cockroaches
  4 goblins
  6 hobgoblins
  3 jackals (D:3)
  4 quokkas
  5 bats
  3 frilled lizards
  6 kobolds
  5 rats
86 creatures vanquished.

Vanquished Creatures (others)
  10 plants (D:3)
10 creatures vanquished.

Grand Total: 96 creatures vanquished

Notes
Turn   | Place    | Note
-------+----------+-------------------------------------------
     0 | D:1      | Grim the Minotaur Fighter began the quest for the Orb.
     0 | D:1      | Reached XP level 1. HP: 19/19 MP: 0/0
    90 | D:1      | Reached skill level 3 in Maces & Flails
   132 | D:1      | Found Dumoava's Antique Armour Emporium.
   300 | D:1      | Reached XP level 2. HP: 24/26 MP: 1/1
   572 | D:1      | You fall into a shaft and drop 1 floor!
   597 | D:2      | Reached skill level 4 in Maces & Flails
   848 | D:2      | Reached XP level 3. HP: 24/31 MP: 2/2
  1991 | D:3      | Reached skill level 5 in Maces & Flails
  2044 | D:3      | Found a faded altar of an unknown god.
  2125 | D:3      | Reached XP level 4. HP: 30/39 MP: 3/3
  2507 | D:3      | Reached skill level 6 in Maces & Flails
  2517 | D:3      | Reached XP level 5. HP: 31/45 MP: 4/4
  2935 | D:3      | Found a sacrificial altar of Ru.
  2935 | D:3      | Found a shimmering altar of Xom.
  2943 | D:3      | Found a hide-covered altar of Uskayaw.
  2945 | D:3      | Found a faded altar of an unknown god.
  2946 | D:3      | Found a faded altar of an unknown god.
  3351 | D:4      | Reached skill level 7 in Maces & Flails
  3760 | D:4      | Noticed Eustachio
  3776 | D:4      | Killed Eustachio
  3777 | D:4      | Reached skill level 8 in Maces & Flails
  3777 | D:4      | Reached XP level 6. HP: 29/51 MP: 5/5
  4187 | D:5      | Entered Level 5 of the Dungeon
  4224 | D:5      | Found a staircase to the Ecumenical Temple.
  4232 | Temple   | Entered the Ecumenical Temple
  4278 | Temple   | Became a worshipper of Zin the Law-Giver
  4278 | Temple   | Reached * piety under Zin
  4477 | D:5      | Reached skill level 9 in Maces & Flails
  4477 | D:5      | Reached skill level 1 in Invocations
  4477 | D:5      | Reached XP level 7. HP: 54/57 MP: 6/6
  4686 | D:5      | Reached ** piety under Zin
  4737 | D:5      | Found Letei's Weapon Emporium.
  4944 | D:5      | Found a basalt altar of Yredelemnul.
  5046 | D:5      | Found a bloodstained altar of Trog.
  5050 | D:5      | Found an iron altar of Okawaru.
  5101 | D:6      | Reached skill level 10 in Maces & Flails
  5263 | D:6      | Slain by a wight

Illustrated notes

Levels and vault maps discovered:
D:1:      eino_arrival_druids_welcome, layout_basic, serial_shops,
          nicolae_shop_trees
D:2:      layout_basic, eino_tiny_chamber
D:3:      layout_loops_ring, chequers_temple_overflow_minitemple,
          nicolae_ecumenical_lake_church, serial_forest,
          infiniplex_forest_corner_1, infiniplex_forest_zigzag_2,
          infiniplex_forest_clump_cross, infiniplex_forest_lined_4_way,
          infiniplex_forest_clump_diagonal, infiniplex_forest_clump_C,
          infiniplex_forest_clump_small, minmay_misc_feat_more_columns
D:4:      layout_gridville, uniq_eustachio
D:5:      layout_basic, minmay_overflow_temple_star_quad,
          minmay_temple_entry_glass, serial_shops,
          nicolae_shop_bloodbath_and_beyond
D:6:      layout_gridville
Temple:   eino_temple_water

Skill      XL: |  1  2  3  4  5  6  7 |
---------------+----------------------+-----
Maces & Flails | 3 4 5 6 8 9 10 | 10.3
Invocations    | 1 3 |  3.0
Fighting       | |  3.6
Armour         | |  3.6
Shields        | |  3.6

Action                   |  1- 3 |  4- 6 |  7- 9 || total
-------------------------+-------+-------+-------++-------
Melee: Flail             |   104 |    33 |       ||   137
       Headbutt          |     9 |    13 |    10 ||    32
       Mace              |       |    69 |    32 ||   101
Invok: Recite            |       |       |     1 ||     1
  Use: Potion            |       |     1 |       ||     1
Armor: Scale mail        |    51 |    52 |     6 ||   109
Dodge: Dodged            |    46 |    50 |     8 ||   104
Block: Buckler           |    24 |    13 |     6 ||    43

Table legend: (Time is in decaauts)
 A = Elapsed time spent in this place.
 B = Non-inter-level travel time spent in this place.
 C = Inter-level travel time spent in this place.
 D = Time resting spent in this place.
 E = Time spent auto-exploring this place.
 F = Levels seen in this place.
 G = Mean time per level.
                   A        B        C        D        E       F      G
               +--------+--------+--------+--------+--------+-----+--------+
         Total |   5296 |   5140 |    156 |    898 |   3568 |   7 |  756.6 |
       Dungeon |   5233 |   5094 |    139 |    898 |   3563 |   6 |  872.2 |
        Temple |     63 |     46 |     17 |      0 |      5 |   1 |   63.0 |
               +--------+--------+--------+--------+--------+-----+--------+

Top non-repeatable levels by time:
     D:3: 1369 daAuts
     D:2: 1096 daAuts
     D:1: 912 daAuts
     D:5: 844 daAuts
     D:4: 843 daAuts
     D:6: 166 daAuts
  Temple: 63 daAuts
